 Dungeon Crawl Stone Soup version 0.30-a0-626-gd6a5dd7a1f (webtiles) character file.

Game seed: 15782108884790650675

107 Citaku the Covered (level 4, -1/41 HPs)
             Began as a Minotaur Fighter on Jan 11, 2023.
             Slain by a black bear (3 damage)
             ... on level 4 of the Dungeon.
             The game lasted 00:03:04 (2101 turns).

Citaku the Covered (Minotaur Fighter)               Turns: 2101, Time: 00:03:05

Health: -1/41      AC:  8    Str: 22    XL:     4   Next: 56%
Magic:  3/3        EV:  6    Int:  5    God:
Gold:   200        SH:  4    Dex: 10    Spells: 3/3 levels left

rFire   . . .      SeeInvis .    q - +1 falchion (heavy)
rCold   . . .      Faith    .    c - +0 buckler
rNeg    . . .      Spirit   .    b - +0 scale mail
rPois   .          Reflect  .    (helmet restricted)
rElec   .          Harm     .    g - +0 cloak
rCorr   .          Rampage  .    (no gloves)
Will    .....                    (no boots) Stlth
                                 (no amulet)
HPRegen 0.26/turn                (no ring)
MPRegen 0.08/turn                (no ring)

@: constricted
A: horns 2, retaliatory headbutt
a: no special abilities


You were on level 4 of the Dungeon.
You visited 1 branch of the dungeon, and saw 4 of its levels.

You collected 200 gold pieces.

Inventory:

Hand Weapons
 a - a +0 war axe
 q - a +1 heavy falchion (weapon)
Armour
 b - a +0 scale mail (worn)
 c - a +0 buckler (worn)
 g - a +0 cloak (worn)
Scrolls
 e - a scroll of magic mapping {unknown}
 f - 5 scrolls of identify {unknown}
 i - a scroll of fear {unknown}
 j - a scroll of brand weapon {unknown}
 k - 3 scrolls of noise {unknown}
 l - 3 scrolls of teleportation {unknown}
 m - a scroll of amnesia {unknown}
 n - a scroll of immolation {unknown}
Potions
 d - 2 potions of might
 h - 3 potions of degeneration {unknown}
 o - a potion of resistance {unknown}
 p - a potion of curing {unknown}
 r - 2 potions of lignification {unknown}


   Skills:
 + Level 4.3 Fighting
 * Level 4.1 Axes
 * Level 5.0 Armour
 - Level 3.6 Shields


You had 3 spell levels left.
You didn't know any spells.
Your spell library contained the following spells:

 Spells                   Type           Power      Damage    Failure   Level
 Sandblast                Erth           0%         2d4       87%         1
 Sting                    Tmut/Pois      0%         1d3       87%         1
 Passwall                 Tmut/Erth      0%         N/A       95%         2
 Poisonous Vapours        Pois/Air       0%         N/A       95%         2
 Stone Arrow              Conj/Erth      0%         3d7       99%         3
 Olgreb's Toxic Radiance  Pois           0%         N/A       100%        4


Dungeon Overview and Level Annotations

Branches:
Dungeon (4/15)
 Temple: D:4-7

Altars:

Annotations:
D:4 1 transporter


Innate Abilities, Weirdness & Mutations

You have a pair of horns on your head.
You reflexively headbutt those who attack you in melee.


Message History

The ball python completely misses you. You furiously retaliate!
You headbutt the ball python, but do no damage.
The ball python constricts you. You block the black bear's attack.
The black bear claws you.
The black bear claws you but does no damage.
The ball python bites you but does no damage.
The ball python constricts you.
The black bear bites you but does no damage.
The black bear claws you.
The black bear claws you but does no damage.
The ball python bites you. The ball python constricts you.
You slash the black bear!
The black bear is severely wounded.
The ball python bites you but does no damage.
The ball python constricts you. The black bear bites you.
The black bear claws you but does no damage.
The black bear completely misses you.
The ball python bites you but does no damage.
The ball python constricts you.
The black bear goes berserk!
You barely miss the black bear.
The black bear is severely wounded.
The black bear barely misses you. The black bear claws you. x2
* * * LOW HITPOINT WARNING * * *
The ball python bites you.
* * * LOW HITPOINT WARNING * * *
The ball python constricts you. The black bear bites you.
* * * LOW HITPOINT WARNING * * *
The black bear claws you.
* * * LOW HITPOINT WARNING * * *
The black bear claws you but does no damage.
The ball python bites you but does no damage.
The ball python constricts you.
The black bear bites you but does no damage.
The black bear claws you but does no damage.
The black bear claws you.
* * * LOW HITPOINT WARNING * * *
You hit the black bear.
The black bear is almost dead.
The black bear bites you.
You die...

.# ###.## #....#
#....# #....#
########## #....#
.........# #hS..#
.#....##.# #@...#
.#....##.# #....#
##....##.# #....#
...^..##.# ####....#
####.###.# #.......#
#.# #.####.......# #
#.# #............# ##
#.########.......#
.###........#......##


You could see a black bear (berserk) and a ball python.

Vanquished Creatures
  An orc wizard (D:3)
  2 adders
  An ufetubus (D:4)
  A worm (D:3)
  6 orcs (D:3)
  5 ball pythons
  3 endoplasms
  4 giant cockroaches
  5 goblins
  5 hobgoblins
  2 quokkas
  3 bats
  4 frilled lizards
  3 kobolds
  3 rats
48 creatures vanquished.

Notes
Turn   | Place    | Note
-------+----------+-------------------------------------------
     0 | D:1      | Citaku the Minotaur Fighter began the quest for the Orb.
     0 | D:1      | Reached XP level 1. HP: 19/19 MP: 0/0
   247 | D:1      | Reached XP level 2. HP: 27/27 MP: 1/1
   253 | D:1      | Reached skill level 4 in Armour
   926 | D:2      | Reached XP level 3. HP: 33/33 MP: 2/2
  1451 | D:3      | Reached XP level 4. HP: 40/40 MP: 3/3
  1598 | D:3      | Found a faded altar of an unknown god.
  2004 | D:4      | Found a transporter.
  2007 | D:4      | Reached skill level 5 in Armour
  2090 | D:4      | Noticed a black bear
  2100 | D:4      | HP: 1/41 [black bear (4)]
  2101 | D:4      | Slain by a black bear

Illustrated notes

Levels and vault maps discovered:
D:1:      arrival_zaba_pyramid, layout_rooms, minmay_stone_trees_small,
          minmay_pentomino_p2
D:2:      layout_loops_ring
D:3:      layout_basic, shapermc_ecumenical_altar_starsandcircs,
          chequers_serial_rivers_micro_c, minmay_strange_pillars,
          kennysheep_generic_room_16
D:4:      layout_basic, marbit_many_paths, gammafunk_ghost_smash,
          minmay_manual_mess

Skill      XL: |  1  2  3  4 |
---------------+-------------+-----
Armour         | 4 5 |  5.0
Axes           | 3 4 |  4.1
Fighting       | 4 |  4.3
Shields        | |  3.6

Action                   |  1- 3 |  4- 6 || total
-------------------------+-------+-------++-------
Melee: War axe           |    62 |       ||    62
       Headbutt          |     6 |     2 ||     8
       Falchion          |    10 |    36 ||    46
Armor: Scale mail        |    54 |    42 ||    96
Dodge: Dodged            |    42 |    31 ||    73
Block: Buckler           |    12 |    11 ||    23

Table legend: (Time is in decaauts)
 A = Elapsed time spent in this place.
 B = Non-inter-level travel time spent in this place.
 C = Inter-level travel time spent in this place.
 D = Time resting spent in this place.
 E = Time spent auto-exploring this place.
 F = Levels seen in this place.
 G = Mean time per level.
                   A        B        C        D        E       F      G
               +--------+--------+--------+--------+--------+-----+--------+
         Total |   2169 |   2169 |      0 |      0 |   1663 |   4 |  542.2 |
       Dungeon |   2169 |   2169 |      0 |      0 |   1663 |   4 |  542.2 |
               +--------+--------+--------+--------+--------+-----+--------+

Top non-repeatable levels by time:
     D:3: 825 daAuts
     D:2: 641 daAuts
     D:1: 547 daAuts
     D:4: 155 daAuts
